Oilers vs Panthers
Created - March 4, 2024 at 19:29
Goals
|
Oilers |
1 |
0 |
1 |
2 |
Panthers |
0 |
2 |
1 |
3 |
|
Shots
|
Oilers |
8 |
10 |
10 |
28 |
Panthers |
8 |
12 |
12 |
32 |
|
1st period
1. Oilers , Leon Draisaitl 13 (Mathew Dumba 25) at 10:19 (SH)
Penalties :
Drew Doughty (Edm) for Tripping (Minor) at 8:52, Griffin Reinhart (Flo) for Holding (Minor) at 16:02
2nd period
2. Panthers , Kirill Kaprizov 15 (Kris Versteeg 38, Matt Duchene 57) at 7:10
3. Panthers , Matt Duchene 37 (Alex Pietrangelo 43) at 18:33
Penalties :
Kyle Clifford (Edm) for Hooking (Minor) at 1:38, Kyle Clifford (Edm) for High sticking (Minor) at 7:25
3rd period
4. Oilers , Greg Stewart 23 (Raphael Diaz 6, Alex Tuch 7) at 4:40
5. Panthers , Kirill Kaprizov 16 (Nikita Tryamkin 9, Matt Duchene 58) at 16:48 (PP)
Penalties :
Danny DeKeiser (Flo) for Roughing (Minor) at 12:40, Brent Seabrook (Edm) for Slashing (Minor) at 16:34, Drew Doughty (Edm) for Interference (Minor) at 17:25
Goalie Stats
Carter Hart (Edm), 29 saves from 32 shots - (0.906), L, 24-21-2, 59:29 minutes
Ville Husso (Flo), 26 saves from 28 shots - (0.929), W, 22-10-2, 60:00 minutes
Players Stats for Oilers
Player Name G A P +/- PIM S H SB GA TA FO MP PP MP PK MP
------------------------------------------------------------------------------------
Alex Tuch 0 1 1 -2 0 1 1 1 0 0 0/0 10:48 1:47 2:41
Alexander Radulov 0 0 0 1 0 0 1 0 0 0 0/0 13:29 0:04 0:00
Anton Slepyshev 0 0 0 -2 0 1 0 1 0 0 0/0 8:01 0:04 1:37
Brent Seabrook 0 0 0 -2 2 0 2 1 0 1 0/0 24:32 1:35 4:00
Connor Brown 0 0 0 0 0 4 2 0 0 0 1/1 17:11 2:11 0:00
Connor McDavid 0 0 0 0 0 3 0 0 1 1 11/24 18:36 2:07 0:58
Drew Doughty 0 0 0 0 4 1 0 2 1 1 0/0 22:57 2:23 2:46
Frederik Gauthier 0 0 0 0 0 3 0 0 1 1 6/13 17:38 0:00 5:00
Greg Stewart 1 0 1 1 0 3 0 1 1 0 1/2 15:31 2:07 0:03
Jake Virtanen 0 0 0 0 0 2 0 0 0 0 0/0 12:24 0:00 0:00
Kyle Clifford 0 0 0 0 4 3 1 2 0 0 1/1 20:03 1:47 2:31
Leon Draisaitl 1 0 1 2 0 5 1 0 1 1 8/12 16:55 1:47 1:45
Marcus Pettersson 0 0 0 1 0 0 0 0 0 0 0/0 21:33 2:23 1:24
Mark Jankowski 0 0 0 -2 0 0 0 0 0 0 0/1 6:16 0:00 0:00
Mathew Dumba 0 1 1 -1 0 1 0 1 1 4 0/0 23:18 1:35 2:50
Mattias Ekholm 0 0 0 1 0 0 2 0 0 0 0/0 11:15 0:00 0:00
Raphael Diaz 0 1 1 1 0 1 0 0 0 0 0/0 17:08 0:00 5:20
Tyler Bertuzzi 0 0 0 1 0 0 3 1 0 2 0/0 14:10 0:00 1:45
Players Stats for Panthers
Player Name G A P +/- PIM S H SB GA TA FO MP PP MP PK MP
------------------------------------------------------------------------------------
Alex Goligoski 0 0 0 0 0 0 0 0 0 0 0/0 20:06 2:49 2:08
Alex Iafallo 0 0 0 -1 0 1 2 0 0 2 0/1 16:25 3:23 1:34
Alex Pietrangelo 0 1 1 0 0 6 1 1 2 1 0/0 27:28 5:21 2:21
Blake Geoffrion 0 0 0 -1 0 1 1 0 0 0 0/0 8:30 0:00 0:09
Danny DeKeiser 0 0 0 0 2 1 2 0 0 0 0/0 19:25 0:00 1:06
Derek Stepan 0 0 0 -1 0 0 1 0 0 0 1/6 15:44 3:23 0:29
Griffin Reinhart 0 0 0 -1 2 1 1 1 1 0 0/0 19:05 5:21 0:44
Jamie Benn 0 0 0 0 0 0 0 0 0 1 0/0 11:21 0:00 0:00
Jerry D'Amigo 0 0 0 -1 0 0 2 0 0 1 0/0 8:21 0:00 0:00
Kirill Kaprizov 2 0 2 2 0 7 0 0 3 0 2/2 20:50 4:44 0:00
Kris Versteeg 0 1 1 2 0 1 0 1 2 0 0/2 23:21 4:47 2:15
Matt Duchene 1 2 3 2 0 8 2 1 0 0 19/34 21:21 4:47 0:00
Miro Aaltonen 0 0 0 0 0 0 0 0 3 1 2/3 12:51 0:03 1:22
Nikita Tryamkin 0 1 1 0 0 2 0 1 0 0 0/0 16:30 2:49 0:00
Niklas Hansson 0 0 0 1 0 0 0 0 0 0 0/0 17:32 0:00 1:37
Petr Straka 0 0 0 0 0 2 2 0 0 0 0/0 11:21 0:00 0:00
Quinton Howden 0 0 0 -1 0 1 1 0 0 0 2/6 10:35 0:00 2:07
Victor Oreskovich 0 0 0 -1 0 1 2 0 0 0 0/0 15:14 3:23 0:00
3 Stars
1 - Matt Duchene (Flo)
2 - Kirill Kaprizov (Flo)
3 - Leon Draisaitl (Edm)
Power Play
Oilers - 0 on 2 Attempt(s) - 0.00%
Panthers - 1 on 5 Attempt(s) - 20.00%
Penalty Kill
Oilers - 4 on 5 Attempt(s) - 80.00%
- Score 1 goal in Penalty Kill
Panthers - 2 on 2 Attempt(s) - 100.00%
- Score 0 goal in Penalty Kill
Team Stat
Oilers - Hits : 13 - Faceoff Wins : 28 - Blocked Shots : 10 - Penalty Minutes : 10
Panthers - Hits : 17 - Faceoff Wins : 26 - Blocked Shots : 5 - Penalty Minutes : 4
Official
Referees : Kelly Sutherland and Chris Lee
Linesman : Kiel Murchison and Kory Nagy
Game Notes
No Game Note
Finance
Level 1 -- Attendance: 6000 (100.00%) -- Ticket Income $600,000
Level 2 -- Attendance: 4988 (99.76%) -- Ticket Income $299,280
Level 3 -- Attendance: 1918 (95.90%) -- Ticket Income $67,130
Level 4 -- Attendance: 4000 (100.00%) -- Ticket Income $100,000
Luxury Box -- Attendance: 948 (94.80%) -- Ticket Income $189,600
Game was played at the BBT Center.
Total Attendance: 17854 (99.19%)
Total Ticket Income: $1,256,010
Other Income: $188,402
Total Income: $1,444,412
Oilers
5 vs 5 Forward
Center Left Wing Right Wing Time % Phy DF OF
1 Connor McDavid Kyle Clifford Connor Brown 35 1 2 2
2 Leon Draisaitl Greg Stewart Alexander Radulov 30 1 2 2
3 Frederik Gauthier Tyler Bertuzzi Jake Virtanen 25 1 2 2
4 Mark Jankowski Anton Slepyshev Alex Tuch 10 1 2 2
5 vs 5 Defense
Defense Defense Time % Phy DF OF
1 Mathew Dumba Brent Seabrook 40 1 2 2
2 Drew Doughty Marcus Pettersson 30 1 2 2
3 Raphael Diaz Mattias Ekholm 20 1 2 2
4 Marcus Pettersson Drew Doughty 10 1 2 2
PowerPlay Forward
Center Left Wing Right Wing Time % Phy DF OF
1 Connor McDavid Greg Stewart Connor Brown 60 1 2 2
2 Leon Draisaitl Kyle Clifford Alex Tuch 40 1 2 2
PowerPlay Defense
Defense Defense Time % Phy DF OF
1 Drew Doughty Marcus Pettersson 60 1 2 2
2 Mathew Dumba Brent Seabrook 40 1 2 2
Penalty Kill 4 Players Forward
Center Wing Time % Phy DF OF
1 Frederik Gauthier Kyle Clifford 60 1 4 0
2 Leon Draisaitl Tyler Bertuzzi 40 1 4 0
Penalty Kill 4 Players Defense
Defense Defense Time % Phy DF OF
1 Drew Doughty Raphael Diaz 60 0 5 0
2 Mathew Dumba Brent Seabrook 40 0 5 0
Penalty Kill - 3 Players Forward
Forward Time % Phy DF OF
1 Connor McDavid 60 0 5 0
2 Leon Draisaitl 40 0 5 0
Penalty Kill - 3 Players Defense
Defense Defense Time % Phy DF OF
1 Drew Doughty Raphael Diaz 60 0 5 0
2 Mathew Dumba Brent Seabrook 40 0 5 0
4 vs 4 Forward
Center Wing Time % Phy DF OF
1 Connor McDavid Kyle Clifford 60 1 2 2
2 Leon Draisaitl Tyler Bertuzzi 40 1 2 2
4 vs 4 Defense
Defense Defense Time % Phy DF OF
1 Drew Doughty Raphael Diaz 60 1 2 2
2 Mathew Dumba Brent Seabrook 40 1 2 2
Last Minutes Offensive
Center Left Wing Right Wing Defense Defense
Connor McDavid Kyle Clifford Connor Brown Drew Doughty Mathew Dumba
Last Minutes Defensive
Center Left Wing Right Wing Defense Defense
Connor McDavid Kyle Clifford Connor Brown Drew Doughty Mathew Dumba
Goaltenders
Starting : Carter Hart
Backup : Jaxson Stauber
Extra Forwards
Normal : Alex Tuch, Alexander Radulov, Tyler Bertuzzi - PP : Alex Tuch, Alexander Radulov - PK : Alex Tuch
Extra Defensemen
Normal : Raphael Diaz, Brent Seabrook, Marcus Pettersson - PP : Marcus Pettersson - PK : Raphael Diaz, Brent Seabrook
Penalty Shots
Connor McDavid, Kyle Clifford, Connor Brown, Leon Draisaitl, Alex Tuch
Custom OT Lines Forwards
Connor McDavid, Kyle Clifford, Connor Brown, Leon Draisaitl, Alex Tuch, Alexander Radulov, Tyler Bertuzzi, Frederik Gauthier, Jake Virtanen, Anton Slepyshev
Custom OT Lines Defensemen
Drew Doughty, Mattias Ekholm, Mathew Dumba, Brent Seabrook, Raphael Diaz
Scratches
Darnell Nurse (Sprained Left Ankle Injury), Mikko Koskinen (Healthy)
Panthers
5 vs 5 Forward
Center Left Wing Right Wing Time % Phy DF OF
1 Matt Duchene Kirill Kaprizov Kris Versteeg 40 0 2 3
2 Derek Stepan Alex Iafallo Victor Oreskovich 30 0 2 3
3 Miro Aaltonen Jamie Benn Petr Straka 20 1 2 2
4 Quinton Howden Blake Geoffrion Jerry D'Amigo 10 1 2 2
5 vs 5 Defense
Defense Defense Time % Phy DF OF
1 Alex Pietrangelo Danny DeKeiser 40 0 2 3
2 Alex Goligoski Niklas Hansson 30 0 2 3
3 Griffin Reinhart Nikita Tryamkin 20 1 2 2
4 Alex Pietrangelo Niklas Hansson 10 0 2 3
PowerPlay Forward
Center Left Wing Right Wing Time % Phy DF OF
1 Matt Duchene Kirill Kaprizov Kris Versteeg 60 0 1 4
2 Derek Stepan Alex Iafallo Victor Oreskovich 40 0 1 4
PowerPlay Defense
Defense Defense Time % Phy DF OF
1 Alex Pietrangelo Griffin Reinhart 60 0 2 3
2 Alex Goligoski Nikita Tryamkin 40 0 2 3
Penalty Kill 4 Players Forward
Center Wing Time % Phy DF OF
1 Quinton Howden Kris Versteeg 60 1 3 1
2 Miro Aaltonen Alex Iafallo 40 1 3 1
Penalty Kill 4 Players Defense
Defense Defense Time % Phy DF OF
1 Alex Pietrangelo Danny DeKeiser 60 1 3 1
2 Alex Goligoski Niklas Hansson 40 1 3 1
Penalty Kill - 3 Players Forward
Forward Time % Phy DF OF
1 Kris Versteeg 60 1 3 1
2 Quinton Howden 40 1 3 1
Penalty Kill - 3 Players Defense
Defense Defense Time % Phy DF OF
1 Alex Pietrangelo Danny DeKeiser 60 1 3 1
2 Alex Goligoski Niklas Hansson 40 1 3 1
4 vs 4 Forward
Center Wing Time % Phy DF OF
1 Matt Duchene Kris Versteeg 60 0 2 3
2 Derek Stepan Alex Iafallo 40 0 2 3
4 vs 4 Defense
Defense Defense Time % Phy DF OF
1 Alex Pietrangelo Danny DeKeiser 60 0 2 3
2 Alex Goligoski Niklas Hansson 40 1 2 2
Last Minutes Offensive
Center Left Wing Right Wing Defense Defense
Matt Duchene Kirill Kaprizov Kris Versteeg Alex Pietrangelo Alex Goligoski
Last Minutes Defensive
Center Left Wing Right Wing Defense Defense
Quinton Howden Alex Iafallo Kris Versteeg Danny DeKeiser Niklas Hansson
Goaltenders
Starting : Ville Husso
Backup : Brian Elliott
Extra Forwards
Normal : Alex Iafallo, Matt Duchene, Kris Versteeg - PP : Miro Aaltonen, Matt Duchene - PK : Miro Aaltonen
Extra Defensemen
Normal : Alex Goligoski, Alex Pietrangelo, Niklas Hansson - PP : Alex Pietrangelo - PK : Alex Goligoski, Niklas Hansson
Penalty Shots
Quinton Howden, Derek Stepan, Miro Aaltonen, Kris Versteeg, Matt Duchene
Custom OT Lines Forwards
Matt Duchene, Kris Versteeg, Alex Iafallo, Derek Stepan, Miro Aaltonen, Quinton Howden, Blake Geoffrion, Jamie Benn, Kirill Kaprizov, Petr Straka
Custom OT Lines Defensemen
Alex Pietrangelo, Alex Goligoski, Niklas Hansson, Danny DeKeiser, Griffin Reinhart
Scratches
None
% Time on Ice - Oilers
Lines # - Real PCT - Wanted PCT - Time Play
Normal Forward
1 - 33% - 35% - 15:49
2 - 28% - 30% - 13:23
3 - 26% - 25% - 12:24
4 - 13% - 10% - 6:16
Normal Defense
1 - 41% - 40% - 19:46
2 - 29% - 30% - 13:41
3 - 24% - 20% - 11:15
4 - 7% - 10% - 3:10
PP Forward
1 - 55% - 60% - 2:11
2 - 45% - 40% - 1:47
PP Defense
1 - 60% - 60% - 2:23
2 - 40% - 40% - 1:35
PK Forward
1 - 79% - 60% - 6:25
2 - 21% - 40% - 1:45
PK Defense
1 - 82% - 60% - 6:44
2 - 18% - 40% - 1:26
PK3 Forward
1 - 0% - 60%
2 - 0% - 40%
PK3 Defense
1 - 0% - 60%
2 - 0% - 40%
44 Forward
1 - 0% - 60%
2 - 0% - 40%
44 Defense
1 - 0% - 60%
2 - 0% - 40%
Last Minute Offensive - 0:00
Last Minute Defensive - 0:00
Total
Forward - 60:00
Defense - 60:00
|
% Time on Ice - Panthers
Lines # - Real PCT - Wanted PCT - Time Play
Normal Forward
1 - 34% - 40% - 16:19
2 - 25% - 30% - 11:51
3 - 24% - 20% - 11:21
4 - 16% - 10% - 7:48
Normal Defense
1 - 40% - 40% - 18:50
2 - 32% - 30% - 15:09
3 - 25% - 20% - 11:50
4 - 3% - 10% - 1:30
PP Forward
1 - 59% - 60% - 4:47
2 - 41% - 40% - 3:23
PP Defense
1 - 66% - 60% - 5:21
2 - 34% - 40% - 2:49
PK Forward
1 - 79% - 60% - 3:07
2 - 21% - 40% - 0:51
PK Defense
1 - 78% - 60% - 3:05
2 - 22% - 40% - 0:53
PK3 Forward
1 - 0% - 60%
2 - 0% - 40%
PK3 Defense
1 - 0% - 60%
2 - 0% - 40%
44 Forward
1 - 0% - 60%
2 - 0% - 40%
44 Defense
1 - 0% - 60%
2 - 0% - 40%
Last Minute Offensive - 0:00
Last Minute Defensive - 0:33
Total
Forward - 60:00
Defense - 60:00
|
Play-by-Play
1st period
0:01 of 1st period - Matt Duchene wins face-off versus Connor McDavid in neutral zone.
0:06 of 1st period - Slapshot by Matt Duchene.
0:06 of 1st period - Shot Misses the Net.
0:33 of 1st period - Snap shot by Leon Draisaitl.
0:33 of 1st period - Stopped by Ville Husso with a rebound.
1:14 of 1st period - Snap shot by Miro Aaltonen.
1:14 of 1st period - Shot Misses the Net.
1:30 of 1st period - Mattias Ekholm is hit by Victor Oreskovich and loses puck.
1:41 of 1st period - Snap shot by Victor Oreskovich.
1:41 of 1st period - Shot Blocked by Anton Slepyshev.
1:43 of 1st period - Snap shot by Alex Iafallo.
1:43 of 1st period - Shot Misses the Net.
4:21 of 1st period - Icing by Frederik Gauthier.
4:22 of 1st period - Matt Duchene wins face-off versus Connor McDavid in Oilers zone.
4:23 of 1st period - Wrist shot by Kirill Kaprizov.
4:23 of 1st period - Stopped by Carter Hart without a rebound.
4:24 of 1st period - Connor McDavid wins face-off versus Matt Duchene in Oilers zone.
4:37 of 1st period - Snap shot by Matt Duchene.
4:37 of 1st period - Shot Misses the Net.
5:35 of 1st period - Slapshot by Matt Duchene.
5:35 of 1st period - Shot Misses the Net.
5:56 of 1st period - Raphael Diaz is hit by Blake Geoffrion.
6:02 of 1st period - Snap shot by Jerry D'Amigo.
6:02 of 1st period - Shot Misses the Net.
7:04 of 1st period - Snap shot by Jake Virtanen.
7:04 of 1st period - Stopped by Ville Husso with a rebound.
7:22 of 1st period - Wrist shot by Blake Geoffrion.
7:22 of 1st period - Shot Misses the Net.
7:24 of 1st period - Slapshot by Nikita Tryamkin.
7:24 of 1st period - Stopped by Carter Hart without a rebound.
7:25 of 1st period - Kirill Kaprizov wins face-off versus Connor McDavid in Oilers zone.
7:36 of 1st period - Wrist shot by Kyle Clifford.
7:36 of 1st period - Shot Blocked by Matt Duchene.
7:38 of 1st period - Slapshot by Drew Doughty.
7:38 of 1st period - Shot Blocked by Kris Versteeg.
7:40 of 1st period - Wrist shot by Marcus Pettersson.
7:40 of 1st period - Shot Misses the Net.
7:42 of 1st period - Slapshot by Drew Doughty.
7:42 of 1st period - Shot Misses the Net.
7:56 of 1st period - Wrist shot by Greg Stewart.
7:56 of 1st period - Shot Blocked by Nikita Tryamkin.
7:58 of 1st period - Snap shot by Greg Stewart.
7:58 of 1st period - Deflect By Derek Stepan.
7:58 of 1st period - Shot Misses the Net.
7:58 of 1st period - Puck is out of play.
7:59 of 1st period - Leon Draisaitl wins face-off versus Derek Stepan in Panthers zone.
8:31 of 1st period - Snap shot by Kirill Kaprizov.
8:31 of 1st period - Stopped by Carter Hart without a rebound.
8:32 of 1st period - Matt Duchene wins face-off versus Frederik Gauthier in Oilers zone.
8:39 of 1st period - Slapshot by Matt Duchene.
8:39 of 1st period - Stopped by Carter Hart with a rebound.
8:41 of 1st period - Wrist shot by Matt Duchene.
8:41 of 1st period - Shot Misses the Net.
8:43 of 1st period - Snap shot by Kris Versteeg.
8:43 of 1st period - Shot Misses the Net.
8:45 of 1st period - Snap shot by Nikita Tryamkin.
8:45 of 1st period - Stopped by Carter Hart without a rebound.
8:46 of 1st period - Matt Duchene wins face-off versus Connor McDavid in Oilers zone.
8:52 of 1st period - Minor Penalty to Drew Doughty for Tripping.
8:53 of 1st period - Matt Duchene wins face-off versus Frederik Gauthier in Oilers zone.
8:59 of 1st period - Snap shot by Kris Versteeg.
8:59 of 1st period - Deflect By Kyle Clifford.
8:59 of 1st period - Stopped by Carter Hart with a rebound.
10:19 of 1st period - Slapshot by Leon Draisaitl.
10:19 of 1st period - Goal by Leon Draisaitl - Oilers : 1 - Panthers : 0.
10:20 of 1st period - Frederik Gauthier wins face-off versus Matt Duchene in neutral zone.
10:47 of 1st period - Kyle Clifford is hit by Griffin Reinhart and loses puck.
10:52 of 1st period - Penalty to Drew Doughty is over, Drew Doughty is back on ice.
10:54 of 1st period - Snap shot by Alex Iafallo.
10:54 of 1st period - Shot Blocked by Kyle Clifford.
11:39 of 1st period - Snap shot by Matt Duchene.
11:39 of 1st period - Deflect By Kirill Kaprizov.
11:39 of 1st period - Shot Misses the Net.
11:39 of 1st period - Puck is out of play.
11:40 of 1st period - Greg Stewart wins face-off versus Alex Iafallo in Oilers zone.
11:51 of 1st period - Snap shot by Alex Pietrangelo.
11:51 of 1st period - Shot Misses the Net.
11:55 of 1st period - Wrist shot by Derek Stepan.
11:55 of 1st period - Shot Misses the Net.
12:31 of 1st period - Snap shot by Tyler Bertuzzi.
12:31 of 1st period - Shot Blocked by Griffin Reinhart.
12:33 of 1st period - Snap shot by Frederik Gauthier.
12:33 of 1st period - Stopped by Ville Husso without a rebound.
12:34 of 1st period - Leon Draisaitl wins face-off versus Matt Duchene in Panthers zone.
12:39 of 1st period - Wrist shot by Greg Stewart.
12:39 of 1st period - Deflect By Kirill Kaprizov.
12:39 of 1st period - Stopped by Ville Husso without a rebound.
12:40 of 1st period - Leon Draisaitl wins face-off versus Matt Duchene in Panthers zone.
13:20 of 1st period - Niklas Hansson is hit by Kyle Clifford and loses puck.
13:55 of 1st period - Snap shot by Matt Duchene.
13:55 of 1st period - Shot Misses the Net.
13:57 of 1st period - Slapshot by Niklas Hansson.
13:57 of 1st period - Shot Blocked by Alex Tuch.
13:59 of 1st period - Snap shot by Matt Duchene.
13:59 of 1st period - Stopped by Carter Hart without a rebound.
14:00 of 1st period - Connor McDavid wins face-off versus Matt Duchene in Oilers zone.
14:00 of 1st period - Connor McDavid is hit by Matt Duchene.
14:11 of 1st period - Off-side.
14:12 of 1st period - Matt Duchene wins face-off versus Connor McDavid in neutral zone.
14:22 of 1st period - Slapshot by Mathew Dumba.
14:22 of 1st period - Stopped by Ville Husso without a rebound.
14:23 of 1st period - Kyle Clifford wins face-off versus Matt Duchene in Panthers zone.
15:09 of 1st period - Icing by Kris Versteeg.
15:10 of 1st period - Leon Draisaitl wins face-off versus Kris Versteeg in Panthers zone.
15:16 of 1st period - Wrist shot by Kyle Clifford.
15:16 of 1st period - Stopped by Ville Husso with a rebound.
15:38 of 1st period - Slapshot by Alex Pietrangelo.
15:38 of 1st period - Shot Blocked by Brent Seabrook.
15:40 of 1st period - Snap shot by Danny DeKeiser.
15:40 of 1st period - Shot Blocked by Greg Stewart.
15:42 of 1st period - Slapshot by Alex Pietrangelo.
15:42 of 1st period - Shot Misses the Net.
15:44 of 1st period - Snap shot by Alex Pietrangelo.
15:44 of 1st period - Stopped by Carter Hart without a rebound.
15:45 of 1st period - Connor McDavid wins face-off versus Derek Stepan in Oilers zone.
15:45 of 1st period - Connor McDavid is hit by Alex Iafallo.
16:02 of 1st period - Minor Penalty to Griffin Reinhart for Holding.
16:03 of 1st period - Connor McDavid wins face-off versus Quinton Howden in Panthers zone.
16:03 of 1st period - Snap shot by Connor Brown.
16:03 of 1st period - Stopped by Ville Husso without a rebound.
16:04 of 1st period - Quinton Howden wins face-off versus Connor McDavid in Panthers zone.
18:02 of 1st period - Penalty to Griffin Reinhart is over, Griffin Reinhart is back on ice.
Goals for this period are 1 for Oilers vs 0 for Panthers.
Shots for this period are 8 for Oilers vs 8 for Panthers.
2nd period
0:01 of 2nd period - Matt Duchene wins face-off versus Connor McDavid in neutral zone.
0:04 of 2nd period - Slapshot by Danny DeKeiser.
0:04 of 2nd period - Stopped by Carter Hart with a rebound.
0:26 of 2nd period - Marcus Pettersson is hit by Derek Stepan and loses puck.
0:33 of 2nd period - Danny DeKeiser is hit by Alexander Radulov and loses puck.
1:19 of 2nd period - Snap shot by Alex Tuch.
1:19 of 2nd period - Deflect By Anton Slepyshev.
1:19 of 2nd period - Stopped by Ville Husso with a rebound.
1:33 of 2nd period - Wrist shot by Kris Versteeg.
1:33 of 2nd period - Shot Misses the Net.
1:38 of 2nd period - Minor Penalty to Kyle Clifford for Hooking.
1:39 of 2nd period - Matt Duchene wins face-off versus Frederik Gauthier in Oilers zone.
1:41 of 2nd period - Wrist shot by Matt Duchene.
1:41 of 2nd period - Stopped by Carter Hart without a rebound.
1:42 of 2nd period - Matt Duchene wins face-off versus Frederik Gauthier in Oilers zone.
1:45 of 2nd period - Snap shot by Matt Duchene.
1:45 of 2nd period - Shot Misses the Net.
1:47 of 2nd period - Wrist shot by Kirill Kaprizov.
1:47 of 2nd period - Stopped by Carter Hart with a rebound.
1:49 of 2nd period - Slapshot by Alex Pietrangelo.
1:49 of 2nd period - Shot Blocked by Drew Doughty.
1:51 of 2nd period - Slapshot by Griffin Reinhart.
1:51 of 2nd period - Deflect By Kris Versteeg.
1:51 of 2nd period - Shot Misses the Net.
1:51 of 2nd period - Puck is out of play.
1:52 of 2nd period - Frederik Gauthier wins face-off versus Matt Duchene in Oilers zone.
3:38 of 2nd period - Penalty to Kyle Clifford is over, Kyle Clifford is back on ice.
4:06 of 2nd period - Kyle Clifford is hit by Jerry D'Amigo and loses puck.
4:17 of 2nd period - Raphael Diaz is hit by Jerry D'Amigo and loses puck.
4:44 of 2nd period - Victor Oreskovich is hit by Brent Seabrook and loses puck.
5:34 of 2nd period - Jerry D'Amigo is hit by Connor Brown and loses puck.
5:49 of 2nd period - Alex Tuch is hit by Victor Oreskovich and loses puck.
6:27 of 2nd period - Drew Doughty is hit by Danny DeKeiser and loses puck.
7:02 of 2nd period - Slapshot by Nikita Tryamkin.
7:02 of 2nd period - Deflect By Matt Duchene.
7:02 of 2nd period - Shot Misses the Net.
7:02 of 2nd period - Puck is out of play.
7:03 of 2nd period - Matt Duchene wins face-off versus Mark Jankowski in Oilers zone.
7:04 of 2nd period - Slapshot by Kris Versteeg.
7:04 of 2nd period - Shot Blocked by Mathew Dumba.
7:06 of 2nd period - Snap shot by Kris Versteeg.
7:06 of 2nd period - Shot Misses the Net.
7:08 of 2nd period - Snap shot by Kirill Kaprizov.
7:08 of 2nd period - Stopped by Carter Hart with a rebound.
7:10 of 2nd period - Snap shot by Kirill Kaprizov.
7:10 of 2nd period - Goal by Kirill Kaprizov - Oilers : 1 - Panthers : 1.
7:11 of 2nd period - Connor McDavid wins face-off versus Matt Duchene in neutral zone.
7:16 of 2nd period - Wrist shot by Connor McDavid.
7:16 of 2nd period - Shot Misses the Net.
7:25 of 2nd period - Minor Penalty to Kyle Clifford for High sticking.
7:26 of 2nd period - Matt Duchene wins face-off versus Frederik Gauthier in Oilers zone.
7:36 of 2nd period - Slapshot by Alex Pietrangelo.
7:36 of 2nd period - Stopped by Carter Hart without a rebound.
7:37 of 2nd period - Frederik Gauthier wins face-off versus Matt Duchene in Oilers zone.
9:25 of 2nd period - Penalty to Kyle Clifford is over, Kyle Clifford is back on ice.
9:34 of 2nd period - Snap shot by Kyle Clifford.
9:34 of 2nd period - Stopped by Ville Husso without a rebound.
9:35 of 2nd period - Connor Brown wins face-off versus Quinton Howden in Panthers zone.
10:00 of 2nd period - Niklas Hansson is hit by Mattias Ekholm and loses puck.
10:09 of 2nd period - Mattias Ekholm is hit by Alex Pietrangelo and loses puck.
10:46 of 2nd period - Off-side.
10:47 of 2nd period - Connor McDavid wins face-off versus Derek Stepan in neutral zone.
11:22 of 2nd period - Alexander Radulov is hit by Matt Duchene.
11:36 of 2nd period - Backhand shot by Alex Pietrangelo.
11:36 of 2nd period - Shot Misses the Net.
11:42 of 2nd period - Backhand shot by Frederik Gauthier.
11:42 of 2nd period - Stopped by Ville Husso without a rebound.
11:43 of 2nd period - Derek Stepan wins face-off versus Connor McDavid in Panthers zone.
11:54 of 2nd period - Wrist shot by Victor Oreskovich.
11:54 of 2nd period - Stopped by Carter Hart with a rebound.
11:56 of 2nd period - Slapshot by Alex Pietrangelo.
11:56 of 2nd period - Stopped by Carter Hart with a rebound.
11:58 of 2nd period - Snap shot by Alex Pietrangelo.
11:58 of 2nd period - Shot Misses the Net.
12:15 of 2nd period - Wrist shot by Leon Draisaitl.
12:15 of 2nd period - Stopped by Ville Husso with a rebound.
13:05 of 2nd period - Icing by Quinton Howden.
13:06 of 2nd period - Connor McDavid wins face-off versus Quinton Howden in Panthers zone.
13:11 of 2nd period - Snap shot by Connor McDavid.
13:11 of 2nd period - Stopped by Ville Husso with a rebound.
13:59 of 2nd period - Snap shot by Matt Duchene.
13:59 of 2nd period - Stopped by Carter Hart without a rebound.
14:00 of 2nd period - Connor McDavid wins face-off versus Kris Versteeg in Oilers zone.
14:32 of 2nd period - Wrist shot by Kris Versteeg.
14:32 of 2nd period - Shot Misses the Net.
14:45 of 2nd period - Off-side.
14:46 of 2nd period - Frederik Gauthier wins face-off versus Derek Stepan in neutral zone.
15:42 of 2nd period - Snap shot by Leon Draisaitl.
15:42 of 2nd period - Stopped by Ville Husso without a rebound.
15:43 of 2nd period - Matt Duchene wins face-off versus Leon Draisaitl in Panthers zone.
15:50 of 2nd period - Snap shot by Matt Duchene.
15:50 of 2nd period - Stopped by Carter Hart without a rebound.
15:51 of 2nd period - Matt Duchene wins face-off versus Connor McDavid in Oilers zone.
16:24 of 2nd period - Wrist shot by Alex Iafallo.
16:24 of 2nd period - Stopped by Carter Hart with a rebound.
17:09 of 2nd period - Slapshot by Alex Tuch.
17:09 of 2nd period - Stopped by Ville Husso with a rebound.
18:33 of 2nd period - Snap shot by Matt Duchene.
18:33 of 2nd period - Goal by Matt Duchene - Oilers : 1 - Panthers : 2.
18:34 of 2nd period - Connor McDavid wins face-off versus Matt Duchene in neutral zone.
18:37 of 2nd period - Slapshot by Kyle Clifford.
18:37 of 2nd period - Stopped by Ville Husso without a rebound.
18:38 of 2nd period - Connor McDavid wins face-off versus Matt Duchene in Panthers zone.
18:49 of 2nd period - Wrist shot by Connor McDavid.
18:49 of 2nd period - Shot Blocked by Alex Pietrangelo.
19:09 of 2nd period - Wrist shot by Leon Draisaitl.
19:09 of 2nd period - Stopped by Ville Husso without a rebound.
19:10 of 2nd period - Leon Draisaitl wins face-off versus Derek Stepan in Panthers zone.
19:50 of 2nd period - Wrist shot by Drew Doughty.
19:50 of 2nd period - Deflect By Kirill Kaprizov.
19:50 of 2nd period - Stopped by Ville Husso with a rebound.
Goals for this period are 0 for Oilers vs 2 for Panthers.
Shots for this period are 10 for Oilers vs 12 for Panthers.
3rd period
0:01 of 3rd period - Matt Duchene wins face-off versus Connor McDavid in neutral zone.
0:14 of 3rd period - Wrist shot by Matt Duchene.
0:14 of 3rd period - Stopped by Carter Hart with a rebound.
0:16 of 3rd period - Slapshot by Kirill Kaprizov.
0:16 of 3rd period - Deflect By Matt Duchene.
0:16 of 3rd period - Stopped by Carter Hart with a rebound.
0:26 of 3rd period - Connor McDavid is hit by Petr Straka and loses puck.
0:32 of 3rd period - Icing by Kyle Clifford.
0:33 of 3rd period - Miro Aaltonen wins face-off versus Connor McDavid in Oilers zone.
0:36 of 3rd period - Backhand shot by Miro Aaltonen.
0:36 of 3rd period - Shot Misses the Net.
0:46 of 3rd period - Snap shot by Connor Brown.
0:46 of 3rd period - Stopped by Ville Husso without a rebound.
0:47 of 3rd period - Matt Duchene wins face-off versus Greg Stewart in Panthers zone.
1:14 of 3rd period - Niklas Hansson is hit by Tyler Bertuzzi and loses puck.
1:33 of 3rd period - Griffin Reinhart is hit by Connor Brown and loses puck.
1:38 of 3rd period - Snap shot by Connor McDavid.
1:38 of 3rd period - Shot Misses the Net.
1:40 of 3rd period - Wrist shot by Connor McDavid.
1:40 of 3rd period - Stopped by Ville Husso with a rebound.
1:42 of 3rd period - Snap shot by Connor Brown.
1:42 of 3rd period - Stopped by Ville Husso without a rebound.
1:43 of 3rd period - Matt Duchene wins face-off versus Leon Draisaitl in Panthers zone.
1:43 of 3rd period - Matt Duchene is hit by Leon Draisaitl.
2:32 of 3rd period - Wrist shot by Blake Geoffrion.
2:32 of 3rd period - Stopped by Carter Hart with a rebound.
2:59 of 3rd period - Slapshot by Alexander Radulov.
2:59 of 3rd period - Shot Misses the Net.
3:01 of 3rd period - Snap shot by Greg Stewart.
3:01 of 3rd period - Stopped by Ville Husso without a rebound.
3:02 of 3rd period - Leon Draisaitl wins face-off versus Matt Duchene in Panthers zone.
3:29 of 3rd period - Nikita Tryamkin is hit by Brent Seabrook and loses puck.
4:38 of 3rd period - Snap shot by Greg Stewart.
4:38 of 3rd period - Shot Misses the Net.
4:40 of 3rd period - Wrist shot by Greg Stewart.
4:40 of 3rd period - Goal by Greg Stewart - Oilers : 2 - Panthers : 2.
4:41 of 3rd period - Kirill Kaprizov wins face-off versus Leon Draisaitl in neutral zone.
5:07 of 3rd period - Connor McDavid is hit by Danny DeKeiser and loses puck.
5:41 of 3rd period - Snap shot by Miro Aaltonen.
5:41 of 3rd period - Shot Misses the Net.
5:53 of 3rd period - Mattias Ekholm is hit by Quinton Howden and loses puck.
6:00 of 3rd period - Slapshot by Raphael Diaz.
6:00 of 3rd period - Stopped by Ville Husso with a rebound.
6:34 of 3rd period - Wrist shot by Connor McDavid.
6:34 of 3rd period - Stopped by Ville Husso with a rebound.
6:42 of 3rd period - Wrist shot by Connor Brown.
6:42 of 3rd period - Deflect By Derek Stepan.
6:42 of 3rd period - Stopped by Ville Husso with a rebound.
6:44 of 3rd period - Wrist shot by Connor Brown.
6:44 of 3rd period - Shot Misses the Net.
6:54 of 3rd period - Miro Aaltonen is hit by Mattias Ekholm and loses puck.
7:50 of 3rd period - Snap shot by Miro Aaltonen.
7:50 of 3rd period - Shot Misses the Net.
8:02 of 3rd period - Snap shot by Petr Straka.
8:02 of 3rd period - Stopped by Carter Hart with a rebound.
8:04 of 3rd period - Slapshot by Miro Aaltonen.
8:04 of 3rd period - Shot Misses the Net.
8:12 of 3rd period - Slapshot by Jamie Benn.
8:12 of 3rd period - Shot Blocked by Kyle Clifford.
8:14 of 3rd period - Slapshot by Petr Straka.
8:14 of 3rd period - Stopped by Carter Hart without a rebound.
8:15 of 3rd period - Leon Draisaitl wins face-off versus Matt Duchene in Oilers zone.
8:27 of 3rd period - Slapshot by Griffin Reinhart.
8:27 of 3rd period - Stopped by Carter Hart with a rebound.
8:45 of 3rd period - Victor Oreskovich is hit by Tyler Bertuzzi and loses puck.
8:52 of 3rd period - Brent Seabrook is hit by Alex Iafallo and loses puck.
9:13 of 3rd period - Backhand shot by Quinton Howden.
9:13 of 3rd period - Stopped by Carter Hart with a rebound.
9:27 of 3rd period - Slapshot by Kyle Clifford.
9:27 of 3rd period - Shot Misses the Net.
10:39 of 3rd period - Slapshot by Drew Doughty.
10:39 of 3rd period - Deflect By Frederik Gauthier.
10:39 of 3rd period - Shot Misses the Net.
10:39 of 3rd period - Puck is out of play.
10:40 of 3rd period - Connor McDavid wins face-off versus Quinton Howden in Panthers zone.
11:22 of 3rd period - Alex Tuch is hit by Petr Straka and loses puck.
11:27 of 3rd period - Snap shot by Alex Pietrangelo.
11:27 of 3rd period - Stopped by Carter Hart with a rebound.
11:29 of 3rd period - Wrist shot by Petr Straka.
11:29 of 3rd period - Deflect By Miro Aaltonen.
11:29 of 3rd period - Shot Misses the Net.
11:29 of 3rd period - Puck is out of play.
11:30 of 3rd period - Matt Duchene wins face-off versus Connor McDavid in Oilers zone.
12:40 of 3rd period - Minor Penalty to Danny DeKeiser for Roughing.
12:41 of 3rd period - Quinton Howden wins face-off versus Connor McDavid in Panthers zone.
13:17 of 3rd period - Off-side.
13:18 of 3rd period - Leon Draisaitl wins face-off versus Miro Aaltonen in neutral zone.
13:35 of 3rd period - Alex Goligoski is hit by Alex Tuch and loses puck.
14:40 of 3rd period - Penalty to Danny DeKeiser is over, Danny DeKeiser is back on ice.
15:32 of 3rd period - Derek Stepan is hit by Tyler Bertuzzi and loses puck.
15:39 of 3rd period - Slapshot by Jake Virtanen.
15:39 of 3rd period - Stopped by Ville Husso with a rebound.
15:41 of 3rd period - Slapshot by Frederik Gauthier.
15:41 of 3rd period - Stopped by Ville Husso with a rebound.
16:10 of 3rd period - Icing by Brent Seabrook.
16:11 of 3rd period - Miro Aaltonen wins face-off versus Leon Draisaitl in Oilers zone.
16:24 of 3rd period - Snap shot by Miro Aaltonen.
16:24 of 3rd period - Shot Misses the Net.
16:26 of 3rd period - Slapshot by Alex Goligoski.
16:26 of 3rd period - Shot Misses the Net.
16:28 of 3rd period - Wrist shot by Jamie Benn.
16:28 of 3rd period - Shot Blocked by Tyler Bertuzzi.
16:34 of 3rd period - Minor Penalty to Brent Seabrook for Slashing.
16:35 of 3rd period - Frederik Gauthier wins face-off versus Matt Duchene in Oilers zone.
16:44 of 3rd period - Snap shot by Nikita Tryamkin.
16:44 of 3rd period - Shot Blocked by Drew Doughty.
16:48 of 3rd period - Wrist shot by Kirill Kaprizov.
16:48 of 3rd period - Goal by Kirill Kaprizov - Oilers : 2 - Panthers : 3.
16:49 of 3rd period - Matt Duchene wins face-off versus Frederik Gauthier in neutral zone.
16:58 of 3rd period - Wrist shot by Kirill Kaprizov.
16:58 of 3rd period - Stopped by Carter Hart without a rebound.
16:59 of 3rd period - Matt Duchene wins face-off versus Frederik Gauthier in Oilers zone.
17:25 of 3rd period - Minor Penalty to Drew Doughty for Interference.
17:26 of 3rd period - Frederik Gauthier wins face-off versus Matt Duchene in Oilers zone.
17:38 of 3rd period - Snap shot by Matt Duchene.
17:38 of 3rd period - Shot Misses the Net.
17:40 of 3rd period - Slapshot by Alex Pietrangelo.
17:40 of 3rd period - Deflect By Kyle Clifford.
17:40 of 3rd period - Stopped by Carter Hart with a rebound.
17:42 of 3rd period - Slapshot by Alex Pietrangelo.
17:42 of 3rd period - Stopped by Carter Hart with a rebound.
19:25 of 3rd period - Penalty to Drew Doughty is over, Drew Doughty is back on ice.
19:29 of 3rd period - Oilers, Carter Hart is pulled from the net.
19:57 of 3rd period - Snap shot by Drew Doughty.
19:57 of 3rd period - Shot Misses the Net.
Goals for this period are 1 for Oilers vs 1 for Panthers.
Shots for this period are 10 for Oilers vs 12 for Panthers.